 Dungeon Crawl Stone Soup version 0.20.0-15-g7f486f2 (webtiles) character file.

9345 raph the Grappler (level 11, -3/105 HPs)
             Began as a Troll Monk on June 14, 2017.
             Was a Priest of Yredelemnul.
             Slain by a death yak (16 damage)
             ... on level 10 of the Dungeon.
             The game lasted 00:25:39 (7265 turns).

raph the Grappler (Troll Monk)                      Turns: 7265, Time: 00:25:40

Health: -3/105     AC: 10    Str: 27    XL:     11   Next: 21%
Magic:  10/14      EV: 13    Int:  6    God:    Yredelemnul [***...]
Gold:   81         SH:  0    Dex: 14    Spells: 13/15 levels left

rFire    x . .     SeeInvis .     - Unarmed
rCold    + . .     Gourm    +   (no shield)
rNeg     . . .     Faith    .   p - +2 robe
rPois    .         Spirit   .   (helmet restricted)
rElec    .         Reflect  .   o - +2 cloak
rCorr    .         Harm     .   (gloves unavailable)
MR       .....                  (boots unavailable)
Stlth    ++........             (no amulet)
Regen    0.7/turn               w - ring of ice
MPRegen  0.2/turn               (no ring)

@: mighty, very slightly contaminated, recalling, drained
A: unfitting armour, claws 3, fast metabolism 3, gourmand, regeneration 1,
shaggy fur 1, tough skin 2
a: Stop Recall, Injury Mirror, Animate Dead, Renounce Religion


You were on level 10 of the Dungeon.
You worshipped Yredelemnul.
Yredelemnul was most pleased with you.
You were full.

You visited 2 branches of the dungeon, and saw 11 of its levels.

You collected 507 gold pieces.
You spent 426 gold pieces at shops.

Inventory:

Hand Weapons
 E - a +3 demon whip of flaming
 I - a +5 morningstar of freezing
Missiles
 t - 23 tomahawks
 y - 4 tomahawks of dispersal
 D - 6 steel javelins (quivered)
Armour
 o - a +2 cloak (worn)
 p - a +2 robe (worn)
Jewellery
 w - a ring of ice (left claw)
Wands
 k - a wand of acid (9/15)
 n - a wand of random effects (27/48)
 B - a wand of acid (10/15)
Scrolls
 c - 7 scrolls of identify
 d - 2 scrolls of blinking
 e - 2 scrolls of random uselessness
 g - 3 scrolls of remove curse
 l - 2 scrolls of magic mapping
 m - 2 scrolls of recharging
 s - 5 scrolls of teleportation
 u - 3 scrolls of fear
 z - 2 scrolls of amnesia
Potions
 a - a potion of cancellation
 f - 6 potions of curing
 h - 2 potions of magic
 i - a potion of flight
 j - 2 potions of resistance
 q - a potion of haste
 v - a potion of heal wounds
 x - a potion of brilliance
 A - a potion of ambrosia
 C - a potion of agility
 F - 2 potions of might
Books
 G - a book of Minor Magic

   Spells                             Type                      Level
   a - Magic Dart                     Conjuration                  1
   b - Blink                          Translocation                2
   c - Call Imp                       Summoning                    2
   d - Slow                           Hexes                        2
   e - Conjure Flame                  Conjuration/Fire             3
   f - Mephitic Cloud                 Conjuration/Poison/Air       3
 J - a book of Necromancy

   Spells                             Type                      Level
   a - Pain                           Necromancy                   1
   b - Animate Skeleton               Necromancy                   1
   c - Vampiric Draining              Necromancy                   3
   d - Regeneration                   Charms/Necromancy            3
   e - Animate Dead                   Necromancy                   4
   f - Control Undead                 Necromancy                   4
Comestibles
 b - 7 bread rations
 r - 4 royal jellies


   Skills:
 + Level 6.0(5.9) Fighting
 - Level 4.4(4.3) Armour
 + Level 6.0 Dodging
 - Level 1.0 Stealth
 * Level 11.9(11.8) Unarmed Combat
 - Level 2.7 Spellcasting
 - Level 3.3(3.2) Translocations
 + Level 5.5 Invocations


You had 13 spell levels left.
You knew the following spells:

 Your Spells              Type           Power        Failure   Level  Hunger
a - Blink                 Tloc           N/A          16%         2    ###....


Dungeon Overview and Level Annotations

Branches:
Dungeon (10/15)            Temple (1/1) D:4            Lair (0/6) D:10
    Orc: D:9-12

Altars:
Ashenzari
Cheibriados
Dithmenos
Elyvilon
Fedhas
Gozag
Hepliaklqana
Kikubaaqudgha
Makhleb
Nemelex Xobeh
Okawaru
Qazlal
Ru
Sif Muna
Trog
Uskayaw
Vehumet
Xom
Yredelemnul
Zin
The Shining One

Shops:
D:6 :(*?   D:10 !

Annotations:
D:4 Feta's ghost, novice FoFi


Innate Abilities, Weirdness & Mutations

You are too large for most types of armour.
You have claws for hands.
Your metabolism is lightning-fast.
You like to eat raw meat.
Your natural rate of healing is unusually fast.
You are covered in fur. (AC +1)
You have very tough skin. (AC +2)


Message History

The death yak is lightly wounded.
Your orc warrior zombie barely misses the death yak.
The death yak gores you.
* * * LOW HITPOINT WARNING * * *
You claw the death yak! x2
The death yak is moderately wounded.
You feel much better. The death yak gores you!!
* * * LOW HITPOINT WARNING * * *
Your orc warrior zombie hits the death yak but does no damage.
You claw the death yak!
The death yak is moderately wounded.
The quokka twitches its whiskers.
The death yak gores you.
* * * LOW HITPOINT WARNING * * *
Your orc warrior zombie hits the death yak but does no damage.
You begin recalling your allies.
Your flying skull is recalled.
Your mummy is recalled.
The death yak gores you!
You die...
Your body rises from the dead as a mindless zombie.

#.............#........#.
#.............#.....#....
#.#########'###.Z.....>.#
#. #.# #.........# #.#
#YY........ #.#
#rY#Y.....
#.#.###YY.......
#.....#Y########
#...#.#.#@# ###.#.#.#z# )
#.#.#M# ## #.#.#.#
#.#.#.# #.#.#.# #.#.#.#
#<#.# ###


You could see 6 death yaks, a quokka, a friendly flying skull, a friendly mummy
and a friendly orc warrior zombie.

Vanquished Creatures
  A death yak (D:10)
  The ghost of Nicoed the Skirmisher, a novice OpFi (D:5)
  3 yaks (D:9)
  2 orc warriors
  A black bear (D:7)
  3 sky beasts
  2 ice beasts
  A necrophage (D:4)
  An ogre (D:8)
  4 centaurs
  A crocodile (D:9)
  A big kobold (D:9)
  A bullfrog (D:5)
  A wyvern zombie (D:8)
  4 scorpions
  10 wights
  A howler monkey (D:5)
  5 crimson imps
  A centaur zombie (D:9)
  A jelly (D:5)
  6 orc priests
  A centaur skeleton (D:4)
  A hound (D:9)
  4 orc wizards
  Crazy Yiuf (D:2)
  2 bullfrog skeletons
  3 iguanas
  Terence (D:2)
  8 worker ants
  3 hound zombies
  A hound skeleton (D:7)
  11 gnolls
  9 adders
  4 oozes
  An adder zombie (D:8)
  6 worms
  A dart slug (D:5)
  2 leopard geckos
  37 orcs
  4 ball pythons
  3 giant cockroaches
  10 goblins
  8 hobgoblins
  5 jackals
  2 quokkas
  5 bats
  4 frilled lizards
  A jackal skeleton (D:5)
  10 kobolds
  11 rats
210 creatures vanquished.

Vanquished Creatures (collateral kills)
  A two-headed ogre (D:9)
  A death yak (D:10)
  A yak (D:9)
  A water moccasin (D:6)
  A phantom (D:6)
  A centaur (D:6)
  A wyvern skeleton (D:9)
  4 wights
  A crimson imp (D:10)
  3 orc priests
  A hound (D:6)
  A centaur skeleton (D:8)
  3 orc wizards (D:7)
  A howler monkey zombie (D:5)
  An adder (D:8)
  A howler monkey skeleton (D:8)
  15 orcs
  3 jackals (D:7)
  A kobold (D:9)
  A leopard gecko zombie (D:6)
43 creatures vanquished.

Vanquished Creatures (others)
  4 flying skulls
  A gnoll zombie (D:5)
  A jackal zombie (D:7)
  6 orc zombies
12 creatures vanquished.

Grand Total: 265 creatures vanquished

Notes
Turn   | Place    | Note
-------+----------+-------------------------------------------
     0 | D:1      | raph the Troll Monk began the quest for the Orb.
     0 | D:1      | Reached XP level 1. HP: 22/22 MP: 0/0
   271 | D:1      | Reached XP level 2. HP: 29/29 MP: 1/1
   731 | D:2      | Noticed Terence
   739 | D:2      | Killed Terence
   739 | D:2      | Reached XP level 3. HP: 32/36 MP: 2/2
   950 | D:2      | Found a runed door.
   954 | D:2      | Noticed Crazy Yiuf
   961 | D:2      | Killed Crazy Yiuf
   961 | D:2      | Reached skill level 4 in Unarmed Combat
   961 | D:2      | Reached XP level 4. HP: 20/45 MP: 3/3
  1566 | D:3      | Reached XP level 5. HP: 51/53 MP: 4/4
  1841 | D:2      | Reached skill level 5 in Unarmed Combat
  2295 | D:4      | Reached skill level 6 in Unarmed Combat
  2295 | D:4      | Reached XP level 6. HP: 61/61 MP: 5/5
  2340 | D:4      | Noticed Feta's ghost (novice FoFi)
  2713 | D:4      | Reached skill level 7 in Unarmed Combat
  2778 | D:4      | Found a staircase to the Ecumenical Temple.
  2784 | Temple   | Entered the Ecumenical Temple
  2859 | Temple   | Became a worshipper of Yredelemnul the Dark
  2859 | Temple   | Reached * piety under Yredelemnul
  2859 | Temple   | Reached ** piety under Yredelemnul
  2879 | D:5      | Entered Level 5 of the Dungeon
  2885 | D:5      | Found a transporter.
  2924 | D:5      | Found a transporter.
  3060 | D:5      | Reached XP level 7. HP: 67/67 MP: 6/6
  3167 | D:5      | Reached skill level 8 in Unarmed Combat
  3262 | D:5      | Reached skill level 1 in Invocations
  3300 | D:5      | Reached skill level 1 in Armour
  3333 | D:5      | Reached XP level 8. HP: 75/75 MP: 8/8
  3335 | D:5      | Noticed Nicoed's ghost (novice OpFi)
  3359 | D:5      | Killed Nicoed's ghost
  3359 | D:5      | Reached skill level 9 in Unarmed Combat
  3633 | D:5      | Reached *** piety under Yredelemnul
  3834 | D:6      | Learned a level 2 spell: Blink
  3859 | D:6      | Reached XP level 9. HP: 72/84 MP: 10/10
  3865 | D:6      | Found Qoxepof's Magic Scroll Shop.
  3868 | D:6      | Bought a scroll of identify for 26 gold pieces
  3868 | D:6      | Bought a scroll of identify for 26 gold pieces
  3868 | D:6      | Bought a scroll of identify for 26 gold pieces
  3868 | D:6      | Bought a scroll of identify for 26 gold pieces
  3868 | D:6      | Bought a scroll of identify for 26 gold pieces
  3868 | D:6      | Bought a scroll of fear for 45 gold pieces
  4003 | D:6      | Received a gift from Yredelemnul (5 flying skulls)
  4127 | D:6      | Found Kuqung's Weapon Shop.
  4312 | D:6      | Found Josecozi's Book Boutique.
  4463 | D:6      | Found Xiumn's General Store.
  4469 | D:6      | Bought a +2 robe for 152 gold pieces
  4675 | D:7      | Reached skill level 10 in Unarmed Combat
  4755 | D:7      | Reached **** piety under Yredelemnul
  4969 | D:7      | Received a gift from Yredelemnul (a wight)
  5103 | D:7      | Reached skill level 5 in Fighting
  5103 | D:7      | Reached skill level 5 in Dodging
  5103 | D:7      | Reached skill level 11 in Unarmed Combat
  5103 | D:7      | Reached XP level 10. HP: 96/96 MP: 10/13
  5131 | D:7      | Found an opulent altar of Gozag.
  5567 | D:8      | Found a shimmering altar of Xom.
  6058 | D:8      | Reached skill level 5 in Invocations
  6467 | D:9      | Received a gift from Yredelemnul (a mummy)
  6628 | D:9      | Noticed a two-headed ogre
  6635 | D:9      | Killed a two-headed ogre
  6635 | D:9      | Reached XP level 11. HP: 70/105 MP: 14/14
  6822 | D:9      | Received a gift from Yredelemnul (a wraith)
  7166 | D:10     | Entered Level 10 of the Dungeon
  7205 | D:10     | Found Ifosk's Distillery.
  7212 | D:10     | Bought a potion of might for 44 gold pieces
  7212 | D:10     | Bought a potion of heal wounds for 55 gold pieces
  7229 | D:10     | Found a staircase to the Lair.
  7229 | D:10     | Noticed a death yak
  7229 | D:10     | Noticed a death yak
  7231 | D:10     | Noticed a death yak
  7231 | D:10     | Noticed a death yak
  7232 | D:10     | Noticed a death yak
  7232 | D:10     | Noticed a death yak
  7233 | D:10     | Noticed a death yak
  7234 | D:10     | Noticed a death yak
  7234 | D:10     | Noticed a death yak
  7247 | D:10     | Killed a death yak
  7252 | D:10     | Killed a death yak
  7265 | D:10     | Slain by a death yak

Skill      XL: |  1  2  3  4  5  6  7  8  9 10 11 |
---------------+----------------------------------+-----
Fighting       | 3 4 5 6 |  6.0
Dodging        | 3 4 5 6 |  6.0
Unarmed Combat | 4 6 7 8 9 11 | 11.9
Invocations    | 1 3 4 5 |  5.5
Armour         | 1 2 4 |  4.4
Spellcasting   | 2 |  2.7
Translocations | 3 |  3.3
Stealth        | |  1.0

Action                   |  1- 3 |  4- 6 |  7- 9 | 10-12 || total
-------------------------+-------+-------+-------+-------++-------
Melee: Unarmed           |    53 |   208 |   218 |   132 ||   611
       Punch             |       |     2 |    14 |     8 ||    24
 Cast: Blink             |       |       |       |     2 ||     2
Invok: Animate Remains   |       |       |     6 |       ||     6
       Animate Dead      |       |       |     6 |     6 ||    12
       Drain Life        |       |       |       |     1 ||     1
       Injury Mirror     |       |       |       |     1 ||     1
       Recall Undead Sla |       |       |       |     1 ||     1
  Use: Scroll            |       |       |    22 |     3 ||    25
       Potion            |       |       |     2 |     3 ||     5
 Stab: Sleeping          |     2 |     2 |     1 |     3 ||     8
       Distracted        |       |       |     2 |     1 ||     3
  Eat: Chunk             |     9 |    24 |    20 |    21 ||    74
Armor: Robe              |    13 |    67 |    64 |    31 ||   175
Dodge: Dodged            |    23 |   122 |    97 |    64 ||   306
